 Dungeon Crawl Stone Soup version 0.21-a0-421-gfc1ce30 (webtiles) character file.

34140 mhoghedin the Tainter (level 13, -1/99 HPs)
             Began as a Naga Venom Mage on Nov 3, 2017.
             Was a High Priest of Sif Muna.
             Slain by a seven-headed hydra (7 damage)
             ... on level 5 of the Lair of Beasts on Nov 4, 2017.
             The game lasted 01:21:57 (18734 turns).

mhoghedin the Tainter (Naga Venom Mage)            Turns: 18734, Time: 01:21:58

Health: -1/99      AC: 10    Str: 11    XL:     13   Next: 75%
Magic:  4/25       EV: 13    Int: 20    God:    Sif Muna [*****.]
Gold:   902        SH:  0    Dex: 14    Spells: 0/29 levels left

rFire    + . .     SeeInvis +   a - staff of energy {@w1+MP, hungerless spells, !d!a}
rCold    + . .     Gourm    .   (no shield)
rNeg     . . .     Faith    .   L - +1 robe
rPois    +         Spirit   .   d - +2 helmet
rElec    .         Reflect  .   u - +0 cloak
rCorr    .         Harm     .   (no gloves)
MR       +....                  (no barding)
Stlth    +++.......             (no amulet)
HPRegen  0.26/turn              y - ring of protection from fire {rF+, !d}
MPRegen  0.19/turn              z - ring of protection from cold {rC+, !d}

@: divine energy, very slow
A: stinger 1, see invisible, agile 1, deformed body, deterioration 1, frail 1,
poison resistance, slowness 2, slow metabolism 1, spit poison 1, constrict 1, AC
+4
a: Spit Poison, Stop Divine Energy, Channel Magic, Forget Spell, Renounce
Religion


You were on level 5 of the Lair of Beasts.
You worshipped Sif Muna.
Sif Muna was extremely pleased with you.
You were very hungry.

You visited 3 branches of the dungeon, and saw 15 of its levels.

You collected 902 gold pieces.

Inventory:

Hand Weapons
 b - a +2 short sword of draining
   (You took it off Duvessa on level 5 of the Dungeon)
Missiles
 D - 2 throwing nets {=f, !d}
Armour
 d - a +2 helmet (worn)
   (You found it on level 1 of the Dungeon)
 u - a +0 cloak (worn)
   (You took it off Maurice on level 8 of the Dungeon)
 L - a +1 robe (worn)
Magical Staves
 a - an uncursed staff of energy (weapon) {@w1+MP, hungerless spells, !d!a}
   (You found it on level 1 of the Lair of Beasts)
 C - an uncursed staff of fire {rF+}
   (You took it off a gnoll on level 5 of the Dungeon)
 N - an uncursed staff of air {rElec}
   (You found it on level 6 of the Lair of Beasts)
 Q - an uncursed staff of power {MP+17, !a}
   (You found it on level 6 of the Lair of Beasts)
Jewellery
 y - a ring of protection from fire (left hand) {rF+, !d}
   (You found it on level 4 of the Dungeon)
 z - a ring of protection from cold (right hand) {rC+, !d}
   (You found it on level 4 of the Dungeon)
Wands
 k - a wand of iceblast (9/15)
   (You found it on level 6 of the Lair of Beasts)
 t - a wand of flame (39/48)
   (You took it off Duvessa on level 5 of the Dungeon)
 v - a wand of flame (27/48)
   (You found it on level 3 of the Dungeon)
 E - a wand of lightning (10/15)
   (You found it on level 2 of the Lair of Beasts)
 G - a wand of random effects (19/48)
   (You found it on level 7 of the Dungeon)
 I - a wand of acid (0/15)
   (You found it on level 8 of the Dungeon)
 J - a wand of disintegration (6/24)
   (You found it on level 8 of the Dungeon)
 K - a wand of iceblast (2/15)
   (You found it on level 1 of the Lair of Beasts)
 M - a wand of flame (18/48)
   (You found it on level 1 of the Lair of Beasts)
 P - a wand of flame (21/48)
   (You found it on level 6 of the Lair of Beasts)
Scrolls
 i - 2 scrolls of magic mapping {!r}
 j - 3 scrolls of amnesia
 l - 2 scrolls of fog
 s - a scroll of teleportation
 A - a scroll of enchant armour
 H - 4 scrolls of remove curse
 R - a scroll of identify
Potions
 m - 2 potions of curing
 n - 2 potions of heal wounds
 p - 3 potions of haste
 r - 2 potions of agility
 w - 3 potions of magic
Books
 e - Goaceodum's Grimoire of Creative Transformation
   (Sif Muna gifted it to you on level 3 of the Lair of Beasts)

   Spells                             Type                      Level
   a - Call Canine Familiar           Summoning                    3
   b - Spider Form                    Transmutation/Poison         3
   c - Petrify                        Transmutation/Earth          4
   d - Irradiate                      Conjuration/Transmutation    5
   e - Summon Demon                   Summoning                    5
   f - Monstrous Menagerie            Summoning                    7
   g - Summon Hydra                   Summoning                    7
   h - Dragon's Call                  Summoning                    9
 f - a book of Cantrips
   (You found it on level 7 of the Dungeon)
 g - Sif Muna's Guide on Excruciating Companions
   (Sif Muna gifted it to you on level 6 of the Lair of Beasts)

   Spells                             Type                      Level
   a - Call Imp                       Summoning                    2
   b - Conjure Flame                  Conjuration/Fire             3
   c - Fulminant Prism                Conjuration/Hexes            4
   d - Conjure Ball Lightning         Conjuration/Air              6
   e - Bolt of Fire                   Conjuration/Fire             6
 x - a Young Poisoner's Handbook
 B - a book of Maledictions
   (You found it on level 8 of the Dungeon)
 F - a book of Geomancy
   (You found it on level 6 of the Dungeon)
Miscellaneous
 O - a phantom mirror
Comestibles
 c - 7 bread rations {@e1}
 h - 5 fruits
 o - 10 royal jellies
 q - a meat ration {@e2}


   Skills:
 - Level 6.3 Fighting
 - Level 2.0 Short Blades
 - Level 1.0 Armour
 - Level 6.4 Dodging
 - Level 6.6 Stealth
 - Level 8.6 Spellcasting
 - Level 9.7 Conjurations
 + Level 7.7 Summonings
 - Level 8.8 Earth Magic
 - Level 13.2 Poison Magic
 - Level 4.3 Invocations


You couldn't memorise any spells.
You knew the following spells:

 Your Spells              Type           Power        Failure   Level  Hunger
a - Stone Arrow           Conj/Erth      #####.       1%          3    None
b - Poisonous Vapours     Pois/Air       #####.       1%          2    None
c - Olgreb's Toxic Radia  Pois           ######..     1%          4    None
d - Venom Bolt            Conj/Pois      ######....   1%          5    None
e - Summon Demon          Summ           #####.....   9%          5    None
g - Apportation           Tloc           #.....       8%          1    None
x - Mephitic Cloud        Conj/Pois/Air  #####...     1%          3    None
z - Lee's Rapid Deconstr  Erth           #####.....   5%          5    None
A - Animate Skeleton      Necr           N/A          8%          1    None


Dungeon Overview and Level Annotations

Branches:
Dungeon (8/15)             Temple (1/1) D:5            Lair (6/6) D:8
  Swamp (0/4) Lair:3       Spider (0/4) Lair:2
  Slime: Lair:5-6

Altars:
Ashenzari
Cheibriados
Dithmenos
Elyvilon
Fedhas
Gozag
Hepliaklqana
Kikubaaqudgha
Makhleb
Nemelex Xobeh
Okawaru
Qazlal
Ru
Sif Muna
Trog
Uskayaw
Vehumet
Wu Jian
Xom
Yredelemnul
Zin
The Shining One

Shops:
D:6 }!!

Annotations:
Lair:1 exclusion: oklob plant
Lair:4 1 exclusion, wazuzu's ghost, journeyman MiGl
Lair:6 exclusion: ice statue


Innate Abilities, Weirdness & Mutations

You cannot wear boots.
Your serpentine skin is tough. (AC +4)
You have supernaturally acute eyesight. (SInv)
Armour fits poorly on your strangely shaped body.
Your system is resistant to poisons. (rPois)
You cover ground very slowly.
You have a slow metabolism.
You can spit poison.
You can use your snake-like lower body to constrict enemies.
Your tail ends in a poisonous barb.
You are agile. (Dex +2)
Your body sometimes deteriorates upon taking damage.
You are frail. (-10% HP)


Message History

There is a stone staircase leading up here.
You climb upwards.
A porcupine, 2 yaks and a bullfrog come into view.
The yak bellows!
You hear a bellow!
The yak bellows!
You hear a bellow!
The bullfrog croaks.
A yak and a hippogriff come into view.
There is a stone staircase leading down here.
The hippogriff screeches!
The bullfrog barely misses you.
You begin to radiate toxic energy.
The yak is poisoned. x3
The porcupine is poisoned.
The bullfrog is poisoned.
The hippogriff is poisoned.
The bullfrog completely misses you. The bullfrog misses you.
You now have 21/25 mp.
You open a gate to Pandemonium!
A demon appears!
You are feeling hungry.
The porcupine looks even sicker.
The bullfrog looks even sicker.
The bullfrog hits you!
You take 8 damage, and have 91/99 hp.
You now have 16/25 mp.
A seven-headed hydra comes into view.
The yak looks even sicker.
The porcupine looks even sicker.
The yak gores your hellwing! The bullfrog barely misses you.
Your hellwing hits the bullfrog!
The bullfrog dies!
Sif Muna accepts your kill.
The yak gores your hellwing but does no damage.
A yak comes into view.
The yak looks even sicker. x3
Your toxic aura wanes.
You kill the porcupine!
Sif Muna accepts your kill.
Your hellwing barely misses the yak. x2; The yak gores your hellwing.
You open a gate to Pandemonium!
A demon appears!
It doesn't seem very happy.
Your hellwing hits the yak but does no damage.
Your hellwing barely misses the yak.
The yak gores your hellwing!
The yak gores your hellwing but does no damage.
You now have 12/25 mp.
You open a gate to Pandemonium!
A demon appears!
It doesn't seem very happy.
Your hellwing barely misses the yak. x2; The yak barely misses your hellwing.
The red devil completely misses you.
You now have 7/25 mp.
Wield which item (- for none, * to show all)? (? for menu, Esc to quit)
a - an uncursed staff of energy (weapon)
{@w1+MP, hungerless spells, !d!a} Your hellwing hits the yak!
Your hellwing hits the yak. The hippogriff bites you! The hippogriff pecks you.
The hippogriff claws you but does no damage.
The yak gores you. The yak gores your hellwing.
You take 14 damage, and have 78/99 hp.
You are feeling very hungry.
The hippogriff looks more healthy.
Your hellwing hits the yak. x2
The yak gores your hellwing! The ice devil closely misses you.
A bullfrog comes into view.
Your hellwing hits the yak!
The yak dies!
Sif Muna accepts your kill. The red devil barely misses you.
You open a gate to Pandemonium!
A demon appears!
The yak looks more healthy.
The hippogriff bites you. The hippogriff closely misses you. x2
The yak barely misses you. The ice devil hits you! The ice devil freezes you.
You resist. The yak gores you but does no damage.
Your hellwing hits the yak!
Your hellwing closely misses the yak.
The red devil hits you but does no damage.
You take 19 damage, and have 60/99 hp.
You now have 3/25 mp.
Your chaos spawn hits the hippogriff.
The hippogriff goes berserk!
The hippogriff barely misses your chaos spawn. x2
The hippogriff claws your chaos spawn. The yak misses you.
The hippogriff bites your chaos spawn! The hippogriff pecks your chaos spawn.
The hippogriff claws your chaos spawn. The ice devil hits you!
The ice devil freezes you! You resist.
Your chaos spawn gores the hippogriff!
The hippogriff looks as sick as possible!
Your chaos spawn poisons the hippogriff!
The hippogriff barely misses your chaos spawn.
The hippogriff pecks your chaos spawn. The hippogriff claws your chaos spawn!
Your chaos spawn dies!
Your chaos spawn degenerates into a cloud of primal chaos!
The seven-headed hydra bites you but does no damage.
The seven-headed hydra bites you.
The seven-headed hydra bites you but does no damage.
The seven-headed hydra bites you. The seven-headed hydra bites you!
* * * LOW HITPOINT WARNING * * *
The seven-headed hydra bites you.
* * * LOW HITPOINT WARNING * * *
The seven-headed hydra bites you but does no damage.
The ice devil barely misses you.
You take 39 damage, and have 21/99 hp.
MASSIVE DAMAGE!!
Unknown command.
Unknown command.
Unknown command.
Unknown command.
Unknown command.
Your hellwing hits the yak!
Your hellwing barely misses the yak.
The seven-headed hydra bites you but does no damage.
The seven-headed hydra bites you!
* * * LOW HITPOINT WARNING * * *
The seven-headed hydra bites you!
You die...

................
.................
........P....#.....
................F..
....[........P..#.#
.............PP.#..#P.
P......................
...........#..Y@..P....
............H4DY.....##
#...........Y......##
.##.........44.........
........†..............
........†............##
.......>.............#
....................##
....................


You could see a seven-headed hydra, an ice devil, a hippogriff (berserk), 3
yaks, a red devil and a friendly hellwing.

Vanquished Creatures
  A dire elephant (Lair:6)
  A hydra (Lair:6)
  A two-headed ogre (D:8)
  A sea snake (Lair:6)
  A harpy (Lair:6)
  A manticore (Lair:6)
  10 elephants
  Joseph (D:7)
  A torpor snail (Lair:2)
  6 black mambas
  6 spiny frogs
  5 komodo dragons
  A rime drake (Lair:6)
  3 polar bears (Lair:6)
  4 blink frogs (Lair:4)
  2 hornets (Lair:6)
  11 dream sheep
  5 hippogriffs
  2 wyverns (Lair:6)
  Sigmund (D:3)
  17 yaks
  2 hungry ghosts
  4 basilisks
  5 swamp worms (Lair:3)
  The ghost of torrenera the Cutter, an amateur DEFi of Elyvilon (D:3)
  Duvessa (D:5)
  12 porcupines
  11 water moccasins
  Purgy (D:3)
  A sky beast (D:8)
  4 ice beasts
  7 ogres
  A phantom (D:7)
  4 black bears
  A necrophage (D:8)
  14 wolves
  2 centaurs
  11 crocodiles
  6 bullfrogs
  Dowan (D:5)
  3 scorpions
  4 killer bees (D:8)
  2 electric eels
  3 howler monkeys (D:8)
  A crimson imp (D:7)
  3 hounds
  5 jellies
  7 orc wizards
  2 bullfrog skeletons (D:7)
  4 orc priests
  Jessica (D:3)
  Terence (D:2)
  5 worker ants
  A killer bee zombie (D:5)
  Robin (D:4)
  3 gnolls (D:5)
  15 adders
  3 shadow imps
  2 white imps (Lair:6)
  5 oozes (D:8)
  An adder zombie (D:5)
  4 worms
  2 dart slugs (D:1)
  5 leopard geckos
  30 orcs
  8 giant cockroaches
  15 goblins
  10 hobgoblins
  4 jackals
  7 kobolds
  5 quokkas
  4 bats
  4 frilled lizards
  5 rats
  A fungus (D:2)
  A plant (D:8)
  A toadstool (D:1)
348 creatures vanquished.

Vanquished Creatures (collateral kills)
  A dire elephant (Lair:6)
  A merfolk avatar (Lair:6)
  A catoblepas (Lair:6)
  2 elephants (Lair:6)
  Maurice (D:8)
  2 black mambas
  A rime drake (Lair:6)
  3 komodo dragons (Lair:6)
  A demonic crawler (Lair:2)
  2 polar bears (Lair:6)
  2 wyverns (Lair:6)
  4 yaks
  A swamp worm (Lair:3)
  2 water moccasins
  A porcupine (Lair:3)
  An ice beast (Lair:6)
  An orc warrior (D:8)
  A necrophage (D:8)
  2 wolves (Lair:2)
  A crocodile (Lair:6)
  A bullfrog (Lair:5)
  4 fungi
  2 plants (D:8)
38 creatures vanquished.

Vanquished Creatures (others)
  A worm (D:6)
  10 fungi
  37 plants
  3 toadstools (D:1)
51 creatures vanquished.

Grand Total: 437 creatures vanquished

Notes
Turn   | Place    | Note
-------+----------+-------------------------------------------
     0 | D:1      | mhoghedin the Naga Venom Mage began the quest for the Orb.
     0 | D:1      | Reached XP level 1. HP: 15/15 MP: 3/3
   168 | D:1      | Reached XP level 2. HP: 22/22 MP: 1/5
   172 | D:1      | Learned a level 2 spell: Poisonous Vapours
   772 | D:1      | Reached XP level 3. HP: 28/28 MP: 1/6
   808 | D:1      | Reached skill level 2 in Dodging
  1134 | D:2      | Reached skill level 4 in Stealth
  1272 | D:2      | Found an opulent altar of Gozag.
  1391 | D:2      | Found an iron altar of Okawaru.
  1395 | D:2      | Reached XP level 4. HP: 35/36 MP: 4/7
  1441 | D:2      | Found a glowing golden altar of the Shining One.
  1441 | D:2      | Noticed Terence
  1451 | D:2      | Killed Terence
  1516 | D:2      | Found a faded altar of an unknown god.
  1561 | D:2      | Learned a level 4 spell: Olgreb's Toxic Radiance
  1864 | D:3      | Noticed Sigmund
  1873 | D:3      | Reached skill level 5 in Poison Magic
  1876 | D:3      | Killed Sigmund
  1876 | D:3      | Reached skill level 5 in Stealth
  1876 | D:3      | Reached skill level 3 in Spellcasting
  1876 | D:3      | Reached XP level 5. HP: 41/42 MP: 1/9
  1876 | D:3      | Reached XP level 6. HP: 48/49 MP: 1/10
  2167 | D:3      | Reached skill level 3 in Dodging
  2175 | D:3      | Learned a level 3 spell: Mephitic Cloud
  2247 | D:3      | Reached skill level 6 in Poison Magic
  2318 | D:3      | Noticed Jessica
  2320 | D:3      | Killed Jessica
  2320 | D:3      | Reached skill level 6 in Stealth
  2329 | D:3      | Reached XP level 7. HP: 52/55 MP: 4/12
  2535 | D:3      | Noticed Purgy
  2552 | D:3      | Killed Purgy
  2707 | D:3      | Noticed torrenera's ghost (amateur DEFi)
  2845 | D:3      | Killed torrenera's ghost
  2845 | D:3      | Reached skill level 1 in Fighting
  2845 | D:3      | Reached skill level 1 in Short Blades
  3553 | D:4      | Noticed Robin
  3559 | D:4      | Killed Robin
  3566 | D:4      | Reached skill level 2 in Fighting
  3566 | D:4      | Reached skill level 2 in Short Blades
  3566 | D:4      | Reached skill level 4 in Dodging
  3566 | D:4      | Reached XP level 8. HP: 48/67 MP: 1/13
  4231 | D:5      | Entered Level 5 of the Dungeon
  4270 | D:5      | Found a staircase to the Ecumenical Temple.
  4280 | Temple   | Entered the Ecumenical Temple
  4471 | Temple   | Became a worshipper of Sif Muna the Loreminder
  4530 | D:5      | Noticed Duvessa
  4540 | D:5      | Reached skill level 2 in Conjurations
  4540 | D:5      | Reached skill level 7 in Poison Magic
  4543 | D:5      | Noticed Dowan
  4550 | D:5      | Killed Duvessa
  4614 | D:5      | Killed Dowan
  4740 | D:5      | Found a blossoming altar of Fedhas.
  4747 | D:5      | Reached skill level 4 in Spellcasting
  4747 | D:5      | Reached skill level 3 in Conjurations
  4808 | D:5      | Learned a level 5 spell: Venom Bolt
  5025 | D:6      | Reached skill level 8 in Poison Magic
  5056 | D:6      | Reached * piety under Sif Muna
  5188 | D:6      | HP: 25/102 [water moccasin (8)]
  5189 | D:6      | Reached skill level 4 in Conjurations
  5189 | D:6      | Reached XP level 9. HP: 27/74 MP: 13/16
  5193 | D:6      | HP: 24/111 [poisoned by a water moccasin]
  5198 | D:6      | HP: 15/74 [poisoned by a water moccasin]
  5205 | D:6      | HP: 15/74 [poisoned by a water moccasin]
  5217 | D:6      | HP: 18/74 [orc/trident (1)]
  5529 | D:5      | Learned a level 3 spell: Stone Arrow
  5691 | D:6      | Found Pone's Jewellery Shoppe.
  5698 | D:6      | Reached skill level 1 in Earth Magic
  5802 | D:6      | Found Muewn's Distillery.
  5803 | D:6      | Found Dohor's Distillery.
  5804 | D:6      | Found Yduosut's Gadget Shoppe.
  5924 | D:6      | Found a hide-covered altar of Uskayaw.
  5924 | D:6      | Found a radiant altar of Vehumet.
  6160 | D:7      | Reached skill level 2 in Earth Magic
  6297 | D:7      | Reached skill level 5 in Conjurations
  6387 | D:7      | Reached skill level 3 in Earth Magic
  6390 | D:7      | Reached ** piety under Sif Muna
  6640 | D:7      | Noticed Joseph
  6664 | D:7      | Killed Joseph
  6664 | D:7      | Reached skill level 6 in Conjurations
  6664 | D:7      | Reached skill level 4 in Earth Magic
  6872 | D:7      | Got an ichor-stained flail
  6873 | D:7      | Identified the +4 flail "Banisher" {distort, *Noise rC++} (You found it on level 7 of the Dungeon)
  7050 | D:7      | Found a blossoming altar of Fedhas.
  7121 | D:7      | Found a hazy altar of Hepliaklqana.
  7122 | D:7      | Found an ancient bone altar of Kikubaaqudgha.
  7356 | D:8      | Reached skill level 9 in Poison Magic
  7381 | D:8      | Reached skill level 5 in Spellcasting
  7395 | D:8      | Reached XP level 10. HP: 63/81 MP: 3/17
  7396 | D:8      | Reached *** piety under Sif Muna
  7404 | D:8      | Noticed Maurice
  7420 | D:7      | Reached skill level 7 in Conjurations
  7650 | D:7      | Upgraded the game from 0.21-a0-417-g0adc95b to 0.21-a0-421-gfc1ce30
  7652 | D:7      | Learned a level 1 spell: Animate Skeleton
  7695 | D:8      | Reached skill level 6 in Spellcasting
  7713 | D:8      | Noticed a two-headed ogre
  7713 | D:8      | Reached skill level 7 in Spellcasting
  8174 | D:8      | Found a staircase to the Lair.
  8183 | D:8      | Killed a two-headed ogre
  8183 | D:8      | Reached skill level 10 in Poison Magic
  8257 | D:8      | Reached skill level 11 in Poison Magic
  8260 | D:8      | Reached **** piety under Sif Muna
  8393 | D:8      | Killed Maurice
  8532 | D:8      | Reached skill level 1 in Invocations
  8764 | D:8      | Reached skill level 2 in Invocations
  9298 | Lair:1   | Entered Level 1 of the Lair of Beasts
  9298 | Lair:1   | Noticed an oklob plant
  9417 | Lair:1   | Reached skill level 3 in Invocations
  9418 | Lair:1   | Reached skill level 4 in Invocations
  9418 | Lair:1   | Reached XP level 11. HP: 73/88 MP: 6/21
  9423 | Lair:1   | Reached skill level 5 in Earth Magic
 10009 | Lair:1   | Reached skill level 6 in Earth Magic
 10224 | Lair:1   | HP: 21/88 [spiny frog (26)]
 10790 | Lair:1   | Reached skill level 3 in Fighting
 10829 | Lair:1   | Reached skill level 1 in Armour
 11286 | Lair:2   | Reached skill level 4 in Fighting
 11286 | Lair:2   | Reached skill level 5 in Dodging
 11367 | Lair:2   | Found a hole to the Spider Nest.
 11554 | Lair:2   | Reached skill level 5 in Fighting
 11559 | Lair:2   | HP: 23/94 [dream sheep (3)]
 11561 | Lair:2   | HP: 4/94 [dream sheep (10)]
 11922 | Lair:2   | Reached skill level 6 in Dodging
 12220 | Lair:2   | Reached XP level 12. HP: 91/103 MP: 12/22
 12321 | Lair:3   | Reached skill level 8 in Conjurations
 12328 | Lair:3   | Learned a level 5 spell: Lee's Rapid Deconstruction
 12335 | Lair:3   | Reached ***** piety under Sif Muna
 12335 | Lair:3   | Identified Goaceodum's Grimoire of Creative Transformation (Sif Muna gifted it to you on level 3 of the Lair of Beasts)
 12335 | Lair:3   | Received a gift from Sif Muna
 12424 | Lair:3   | Learned a level 1 spell: Apportation
 12455 | Lair:3   | Reached skill level 7 in Earth Magic
 13437 | Lair:3   | Reached skill level 9 in Conjurations
 13577 | Lair:3   | Reached skill level 8 in Earth Magic
 13779 | Lair:3   | Found a staircase to the Swamp.
 14142 | Lair:4   | Noticed wazuzu's ghost (journeyman MiGl)
 14270 | Lair:4   | Noticed a four-headed hydra
 14630 | Lair:4   | Reached skill level 6 in Fighting
 14635 | Lair:4   | HP: 21/105 [blink frog (7)]
 15236 | Lair:4   | Noticed a four-headed hydra
 15264 | Lair:5   | Reached skill level 8 in Spellcasting
 15265 | Lair:5   | HP: 24/105 [elephant (18)]
 15273 | Lair:5   | HP: 11/105 [hippogriff (3)]
 15275 | Lair:5   | HP: 4/105 [hippogriff (2)]
 15276 | Lair:5   | Gained mutation: Your body sometimes deteriorates upon taking damage. [potion of mutation]
 15276 | Lair:5   | Gained mutation: You are agile. (Dex +2) [potion of mutation]
 15276 | Lair:5   | Gained mutation: Your tail ends in a poisonous barb. [potion of mutation]
 15279 | Lair:5   | Gained mutation: You can use your snake-like lower body to constrict enemies. [Naga growth]
 15279 | Lair:5   | Reached XP level 13. HP: 4/111 MP: 0/25
 15289 | Lair:5   | HP: 1/111 [spiny frog (7)]
 15306 | Lair:6   | Entered Level 6 of the Lair of Beasts
 15698 | Lair:6   | Identified Sif Muna's Guide on Excruciating Companions (Sif Muna gifted it to you on level 6 of the Lair of Beasts)
 15698 | Lair:6   | Received a gift from Sif Muna
 15698 | Lair:6   | Reached skill level 12 in Poison Magic
 16194 | Lair:6   | Reached skill level 13 in Poison Magic
 16203 | Lair:6   | HP: 19/111 [polar bear (13)]
 16238 | Lair:6   | HP: 14/111 [wyvern (16)]
 16246 | Lair:6   | Learned a level 5 spell: Summon Demon
 16367 | Lair:6   | Reached skill level 1 in Summonings
 16561 | Lair:6   | Reached skill level 2 in Summonings
 16658 | Lair:6   | Reached skill level 3 in Summonings
 16663 | Lair:6   | Reached skill level 4 in Summonings
 17012 | Lair:6   | Reached skill level 5 in Summonings
 17033 | Lair:6   | Noticed a dire elephant
 17043 | Lair:6   | Killed a dire elephant
 17212 | Lair:6   | Gained mutation: You are frail. (-10% HP) [a neqoxec]
 17356 | Lair:6   | Noticed a dire elephant
 17366 | Lair:6   | Reached skill level 6 in Summonings
 17385 | Lair:6   | Killed a dire elephant
 17753 | Lair:6   | Reached skill level 7 in Summonings
 18733 | Lair:5   | HP: 24/99 [seven-headed hydra (9)]
 18734 | Lair:5   | HP: 6/99 [seven-headed hydra (15)]
 18734 | Lair:5   | Slain by a seven-headed hydra

Vault maps used:
D:1:      ldierk_water_garden, kennysheep_pointless_box,
          minmay_misc_feat_pillars
D:2:      tso_altar, okawaru_ov_weapons_minmay, first_bread,
          chequers_ecumenical_altar_simple_redux, minmay_gold_behind_fungi,
          small_statue_intersection, grunt_gozag_breadcrumbs, uniq_terence
D:3:      uniq_purgy, uniq_sigmund, uniq_jessica
D:4:      uniq_robin
D:5:      minmay_temple_entry_trees, fedhas_altar_2, uniq_duvessa
D:6:      fiery_altar_vehumet, overflow_temple_1_default,
          minmay_splitting_lines, minmay_shop_grid_forest, grunt_decor_cap
D:7:      gammafunk_temple_overflow_statue, basic_altar, uniq_joseph
D:8:      minmay_lair_entry_grove, serial_corexii_hall, corexii_hall_statues_t,
          corexii_hall_statues_deadend, hangedman_little_slice_of_home,
          uniq_maurice
Temple:   eino_temple_scatter_basement
Lair:1:   st_stairs_8, small_statue_intersection, dpeg_stationary_puzzle,
          serial_bayou_shore_a, serial_bayou_shore_b, lemuel_fruit_tree
Lair:2:   nicolae_spider_entry_non_spiders, beast_lair_carwin_11
Lair:3:   nicolae_swamp_entry_splash_gauntlet
Lair:5:   slime_altar_2, beast_lair_carwin_10
Lair:6:   gammafunk_lair_ancient_temple, ice2_lemuel

Skill      XL: |  1  2  3  4  5  6  7  8  9 10 11 12 13 |
---------------+----------------------------------------+-----
Dodging        | 2 3 4 6 |  6.4
Stealth        | 4 5 6 |  6.6
Poison Magic   | 5 6 8 9 11 13 | 13.2
Spellcasting   | 3 4 5 7 8 |  8.6
Fighting       | 2 5 6 |  6.3
Short Blades   | 2 |  2.0
Conjurations   | 4 6 7 9 |  9.7
Earth Magic    | 4 6 8 |  8.8
Invocations    | 4 |  4.3
Armour         | 1 |  1.0
Summonings     | 7 |  7.7

Action                   |  1- 3 |  4- 6 |  7- 9 | 10-12 | 13-15 || total
-------------------------+-------+-------+-------+-------+-------++-------
Melee: Unarmed           |     9 |       |       |       |       ||     9
       Dagger            |    16 |    55 |   108 |   115 |       ||   294
       Short sword       |       |       |   171 |    76 |    20 ||   267
       Constrict         |       |       |       |       |     3 ||     3
       Tailslap          |       |       |       |       |     3 ||     3
 Cast: Sting             |    11 |     1 |       |       |       ||    12
       Poisonous Vapours |    23 |    26 |    16 |    10 |    10 ||    85
       Olgreb's Toxic Ra |       |     3 |    21 |    26 |     5 ||    55
       Mephitic Cloud    |       |       |     7 |    13 |     4 ||    24
       Stone Arrow       |       |       |    12 |    93 |    45 ||   150
       Venom Bolt        |       |       |     3 |    55 |    36 ||    94
       Animate Skeleton  |       |       |       |    21 |    15 ||    36
       Lee's Rapid Decon |       |       |       |     5 |     5 ||    10
       Summon Demon      |       |       |       |       |    23 ||    23
Invok: Divine Energy     |       |       |     1 |       |       ||     1
       Channel Magic     |       |       |       |     1 |     1 ||     2
 Abil: Spit Poison       |     6 |     2 |     2 |       |       ||    10
Evoke: Wand              |       |       |     6 |     6 |       ||    12
  Use: Potion            |       |     1 |     2 |    12 |     2 ||    17
       Scroll            |       |       |    14 |    10 |       ||    24
 Stab: Sleeping          |       |       |    13 |     1 |       ||    14
       Confused          |       |       |     3 |     4 |       ||     7
  Eat: Chunk             |     2 |     2 |     8 |     6 |     5 ||    23
       Meat ration       |       |     1 |     2 |     3 |       ||     6
       Royal jelly       |       |       |     2 |     4 |     1 ||     7
       Fruit             |       |       |     1 |     1 |     1 ||     3
Armor: Robe              |     5 |     6 |    93 |    94 |    59 ||   257
Dodge: Dodged            |    17 |    16 |   191 |   231 |   105 ||   560

Table legend:
 A = Spawn XP
 B = Non-spawn XP
 C = Spawn XP percentage of total XP
 D = Spawn monster count
 E = Non-spawn monster count
 F = Spawn count percentage of total count
 G = Total turns spent on level
                    A         B        C        D         E        F      G
               +---------+---------+-------+---------+---------+-------+---------
         Total |       0 |   48772 |   0.0 |       0 |     377 |   0.0 | 18734
               +---------+---------+-------+---------+---------+-------+---------
           D:1 |       0 |      40 |   0.0 |       0 |      21 |   0.0 |  1078
           D:2 |       0 |      98 |   0.0 |       0 |      17 |   0.0 |   843
           D:3 |       0 |     905 |   0.0 |       0 |      37 |   0.0 |  1493
           D:4 |       0 |     257 |   0.0 |       0 |      25 |   0.0 |   817
           D:5 |       0 |     663 |   0.0 |       0 |      20 |   0.0 |   909
           D:6 |       0 |     674 |   0.0 |       0 |      14 |   0.0 |   765
           D:7 |       0 |    1578 |   0.0 |       0 |      25 |   0.0 |  1924
           D:8 |       0 |    4664 |   0.0 |       0 |      47 |   0.0 |  1375
        Lair:1 |       0 |    3815 |   0.0 |       0 |      22 |   0.0 |  1657
        Lair:2 |       0 |    5791 |   0.0 |       0 |      30 |   0.0 |  1252
        Lair:3 |       0 |    5455 |   0.0 |       0 |      28 |   0.0 |  1821
        Lair:4 |       0 |    6137 |   0.0 |       0 |      29 |   0.0 |  1107
        Lair:5 |       0 |    2941 |   0.0 |       0 |      12 |   0.0 |    74
        Lair:6 |       0 |   15754 |   0.0 |       0 |      50 |   0.0 |  3414
               +---------+---------+-------+---------+---------+-------+---------

Vault maps used:
D:1:      ldierk_water_garden, kennysheep_pointless_box,
          minmay_misc_feat_pillars
D:2:      tso_altar, okawaru_ov_weapons_minmay, first_bread,
          chequers_ecumenical_altar_simple_redux, minmay_gold_behind_fungi,
          small_statue_intersection, grunt_gozag_breadcrumbs, uniq_terence
D:3:      uniq_purgy, uniq_sigmund, uniq_jessica
D:4:      uniq_robin
D:5:      minmay_temple_entry_trees, fedhas_altar_2, uniq_duvessa
D:6:      fiery_altar_vehumet, overflow_temple_1_default,
          minmay_splitting_lines, minmay_shop_grid_forest, grunt_decor_cap
D:7:      gammafunk_temple_overflow_statue, basic_altar, uniq_joseph
D:8:      minmay_lair_entry_grove, serial_corexii_hall, corexii_hall_statues_t,
          corexii_hall_statues_deadend, hangedman_little_slice_of_home,
          uniq_maurice
Temple:   eino_temple_scatter_basement
Lair:1:   st_stairs_8, small_statue_intersection, dpeg_stationary_puzzle,
          serial_bayou_shore_a, serial_bayou_shore_b, lemuel_fruit_tree
Lair:2:   nicolae_spider_entry_non_spiders, beast_lair_carwin_11
Lair:3:   nicolae_swamp_entry_splash_gauntlet
Lair:5:   slime_altar_2, beast_lair_carwin_10
Lair:6:   gammafunk_lair_ancient_temple, ice2_lemuel

Table legend:
 A = Turns spent in this place as a percentage of turns spent in the entire game.
 B = Non-inter-level travel turns spent in this place as a percentage of non-inter-level travel turns spent in the entire game.
 C = Inter-level travel turns spent in this place as a percentage of turns spent in this place.
 D = Turns resting spent in this place as a percentage of non-inter-level travel turns spent in this place.
 E = Turns spent auto-exploring this place as a percentage of non-inter-level travel turns spent in this place.
 F = Non-inter-level travel turns spent in this place divided by the number of levels of this place that you've seen.
                   A       B       C       D       E      F
               +-------+-------+-------+-------+-------+----------------------
         Total | 100.0 | 100.0 |   2.7 |  49.6 |  33.8 | 1215.3
       Dungeon |  49.1 |  48.6 |   3.7 |  37.4 |  44.3 | 1107.5
        Temple |   1.1 |   1.0 |  14.6 |   0.0 |  96.0 | 175.0
          Lair |  49.8 |  50.4 |   1.4 |  62.4 |  22.4 | 1532.3
               +-------+-------+-------+-------+-------+----------------------

Table legend:
 A = Kills in this place as a percentage of kills in entire the game.
 B = Kills by you in this place as a percentage of kills by you in the entire game.
 C = Kills by friends in this place as a percentage of kills by friends in the entire game.
 D = Other kills in this place as a percentage of other kills in the entire game.
 E = Experience gained in this place as a percentage of experience gained in the entire game.
 F = Experience gained in this place divided by the number of levels of this place that you have seen.
                   A       B       C       D       E      F
               +-------+-------+-------+-------+-------+----------------------
         Total | 100.0 | 100.0 | 100.0 | 100.0 | 100.0 | 3251.5
       Dungeon |  54.6 |  58.7 |   9.4 | 100.0 |  18.2 | 1109.9
          Lair |  45.4 |  41.3 |  90.6 |   0.0 |  81.8 | 6648.8
               +-------+-------+-------+-------+-------+----------------------
